[Event "*** Titled Tuesday Blitz"]
[Site "Chess.com"]
[Date "2020.11.10"]
[Round "7"]
[White "jefferyx"]
[Black "VerdeNotte"]
[Result "1/2-1/2"]
[WhiteElo "2972"]
[BlackElo "2891"]
[TimeControl "180+1"]
[EndTime "11:25:21 PST"]
[Termination "Game drawn by 50-move rule"]

1. e4 c5 2. Nf3 d6 3. Bb5+ Bd7 4.
Bxd7+ Qxd7 5. c4 Nf6 6. Nc3 g6 7. O-O Bg7 8. d4 cxd4 9. Nxd4 O-O 10. f3 Nc6 11. Be3 e6 12. Rc1 Rfd8 13. Rf2 Ne8 14. Rd2 Nxd4 15. Bxd4 Bh6 16. Rcc2 Bxd2 17. Qxd2 Rac8 18.
b3 b6 19. Qg5 Rc7 20. Rd2 Qe7 21.
Qg3 Rdc8 22. h4 Nf6 23. Nb5 Nh5 24. Qxd6 Qxd6 25. Nxd6 Rd8 26. e5 Ng7 27. g4 Ne8 28. Nxe8 Rxe8 29. Be3 h5 30. Kf2 Rb8 31. a4 Kf8 32. Kg3 Ke8 33. gxh5 gxh5 34. Kf4 Ke7 35. Ke4 Rd7 36. Bg5+ Ke8 37. Rg2 Rd1 38. Bf6 Kd7 39. Rg5 a6 40. Rxh5 b5 41. axb5 axb5 42. Rh7 bxc4 43.
Rxf7+ Kc6 44. bxc4 Rb4 45. Kf4 Rxc4+ 46. Kg5 Rg1+ 47.
Kh5 Rf4 48. Re7 Kd5 49. Rd7+ Kc4 50. Rd6 Rxf3 51. Rxe6 Kd5 52. Rd6+ Ke4 53. Kh6 Kf5 54. h5 Rh3 55. Be7 Rgh1 56. Kg7 Rxh5 57. Bf6 Rh8 58. Kf7 R1h7+ 59. Bg7 Ra8 60. e6 Rh1 61. e7 Re1 62.
Rd5+ Kg4 63. Bf6 Ra7 64. Kf8 Ra8+ 65. Rd8 Ra7 66. e8=Q Rxe8+ 67. Kxe8 Kf5 68. Be7 Ke6 69. Rd6+ Kf5 70. Kf7 Ke5 71. Rb6 Kf5 72. Rb5+ Ke4 73. Ke6 Kf4 74. Bd6+ Kg4 75. Rb4+ Kg5 76. Be7+ Kg6 77.
Rg4+ Kh5 78. Rg1 Ra6+ 79. Kf7 Ra7 80. Rg5+ Kh6 81. Rg4 Ra5 82. Rg8 Rf5+ 83. Bf6 Kh5 84. Ke6 Rf2 85. Rg1 Rf3 86. Rg5+ Kh4 87. Ke5 Kh3 88.
Rg6 Rg3 89. Rh6+ Kg2 90. Ke4 Rh3 91. Rg6+ Rg3 92. Bg5 Kf1 93. Rf6+ Ke2 94. Bf4 Ra3 95. Be5 Re3+ 96. Kd5 Rf3 97. Rh6 Rd3+ 98. Bd4 Rf3 99.
Rh2+ Kd3 100. Rh5 Rf8 101. Rh3+ Ke2 102. Ke4 Re8+ 103. Be5 Ke1 104. Rh2 Re7 105. Kd4 Kf1 106. Ra2 Ke1 107. Bf4 Re8 108. Be3 Rd8+ 109. Ke4 Re8+ 110. Kf3 Kd1 111. Rd2+ Ke1 112. Rc2 Rf8+ 113. Bf4 Rd8 114. Rc7 Rd5 115. Re7+ Kd1 116. Rc7 Ke1 117. Ke4 1/2-1/2

[Event "*** Titled Tuesday Blitz"]
[Site "Chess.com"]
[Date "2020.11.10"]
[Round "7"]
[White "Ajedrez_con_German"]
[Black "alexrustemov"]
[Result "1/2-1/2"]
[WhiteElo "2546"]
[BlackElo "2709"]
[TimeControl "180+1"]
[EndTime "11:25:26 PST"]
[Termination "Game drawn by stalemate"]

1. Nf3 d5 2. b3 Nf6 3. Bb2 Bf5 4. e3 e6 5. c4 h6 6. Be2 c6 7. O-O Nbd7 8. cxd5 exd5 9. d3 Be7 10. a3 a5 11. Nbd2 O-O 12. Re1 Re8 13. Qc2 Bd6 14. Bf1 Qe7 15. Qc3 Bh7 16. e4 dxe4 17. dxe4 Bc7 18.
Bc4 Nb6 19. Rad1 Nxc4 20. bxc4 Qf8 21. e5 Nd7 22. e6 Rxe6 23. Rxe6 fxe6 24. Re1 Re8 25.
Qe3 b6 26. Ne4 e5 27. Rd1 Qf7 28. Nd6 Bxd6 29. Rxd6 c5 30. h3 Re7 31. Nxe5 Nxe5 32. Bxe5 Re6 33. Rxe6 Qxe6 34. Qg3 g5 35. Qc3 Kf7 36.
f4 Be4 37. fxg5 hxg5 38. Bg3 Kg6 39. Qe5 Qc6 40. Qd6+ Kf5 41. Qxc6 Bxc6 42. Bc7 Ke4 43. Bxb6 Kd4 44. Bxa5 Kxc4 45. Bd8 g4 46. hxg4 Kd4 47.
Bb6 Kd5 48. Kf2 c4 49. Ba5 Ke4 50. g5 Kf5 51. Bd2 Ke5 52. g3 Kf5 53. Ke1 c3 54. Bxc3 Kxg5 55. Be5 Kf5 56. Bf4 Ke6 57. Kd2 Kd7 58.
Kd3 Bf3 59. Kd4 Bg4 60. Kc5 Kc8 61. Kb6 Bf3 62. a4 Kd7 63. a5 Kc8 64. a6 Kd7 65. Ka7 Kc8 66. Kb6 Kd7 67. Be3 Kc8 68. Bd4 Kb8 69.
Ka5 Ka8 70. a7 Kb7 71. Kb4 Ka8 72. Kc3 Kb7 73. Kd2 Bg4 74. Ke3 Bd7 75. Kf4 Ka8 76. Ke5 Kb7 77. Kd6 Bh3 78. Bf2 Ka8 79. Ke7 Kb7 80.
Kf6 Ka8 81. Kg5 Kb7 82. Kh4 Bd7 83. Kh5 Ka8 84. Kh6 Kb7 85. Kh7 Ka8 86. Kg7 Kb7 87. Kf6 Ka8 88. Ke7 Bc8 89. Kd8 Bh3 90. Kc7 Bg4 91.
Kd6 Bh3 92. Ke5 Bg4 93. Kd4 Bc8 94. Ke3 Bh3 95. Kf4 Bc8 96. g4 Bxg4 97. Kxg4 Kb7 98. Kg5 Ka8 99. Kf6 Kb7 100. Ke7 Ka8 101. Kd8 Kb7 102. Kd7 Ka8 103. Kd6 Kb7 104. Kd7 Ka8 105. Kc8 1/2-1/2

[Event "*** Titled Tuesday Blitz"]
[Site "Chess.com"]
[Date "2020.11.10"]
[Round "7"]
[White "Nils_03"]
[Black "JoliyRoger"]
[Result "1/2-1/2"]
[WhiteElo "2249"]
[BlackElo "2366"]
[TimeControl "180+1"]
[EndTime "11:25:46 PST"]
[Termination "Game drawn by 50-move rule"]

1. Nf3 Nf6 2. g3 c5 3. Bg2 Nc6 4. O-O e5 5. c4 d5 6. cxd5 Nxd5 7. Nc3 Nc7 8. d3 Be7 9. Bd2 O-O 10. Rc1 Be6 11.
Ne4 b6 12. a3 Bd7 13. b4 cxb4 14.
axb4 Nb5 15. Rxc6 Bxc6 16. Nxe5 Bxe4 17. Bxe4 Rc8 18. Qa4 Nd4 19. e3 Ne2+ 20. Kg2 Nc3 21. Bxc3 Rxc3 22. Qxa7 Bxb4 23. Nc6 Qd6 24. Qxb6 Bc5 25.
Qb2 Ra3 26. d4 Ba7 27. Ne5 Ra6 28. Qc2 g6 29. Rb1 Bb8 30. Qc4 Rb6 31. Rxb6 Qxb6 32.
Nd7 Qd6 33. Nxf8 Qxf8 34. Bd5 Kg7 35. h4 Bd6 36. Qc6 Qe7 37. Qc8 Qf6 38. Qg4 Bb4 39. h5 Be1 40. Bf3 Qe7 41. Qh3 Kg8 42. h6 Bb4 43. e4 Qf8 44. e5 Bd2 45. d5 Bxh6 46. d6 Bg7 47. Qd7 Bxe5 48. Bd5 Kg7 49. Qe7 Bxd6 50. Qe4 Qe7 51. Qf3 Be5 52. Qe4 h5 53.
Qf3 Qd7 54. Qe4 Qe7 55. Qf3 Qf6 56. Qb3 Bd6 57. Qc4 Bb8 58. Qe4 Ba7 59. Qf3 Qxf3+ 60. Bxf3 Kf6 61. Be2 Bd4 62. Bc4 g5 63. Ba2 Kg6 64.
Bc4 f6 65. Bd3+ Kh6 66. Bc4 Be5 67. Bd3 Bd4 68. Bf5 Kg7 69. Bb1 Kh6 70. Bf5 g4 71.
f3 Kg5 72. fxg4 hxg4 73. Bc8 f5 74. Bd7 Be5 75. Bc8 Bd4 76. Bd7 Bb6 77. Bc8 Bc7 78. Bd7 Be5 79. Bc8 Bb8 80. Bd7 Bd6 81. Bc8 Bc5 82.
Bd7 Bd4 83. Bc8 Be3 84. Bd7 Bd2 85. Bc8 Be1 86. Bd7 Ba5 87. Bc8 Kf6 88. Bd7 Ke5 89. Bc8 Bc7 90. Bd7 Bd6 91. Bc8 Ke4 92. Bd7 Be5 93.
Bc8 Bf6 94. Bb7+ Ke5 95. Bc8 Bg5 96. Bd7 Be3 97. Bc8 Bd2 98. Bd7 Be1 99. Bc8 Kf6 100. Bd7 Kg5 101. Bc8 f4 102. gxf4+ Kxf4 103. Bd7 g3 104.
Bc8 Bf2 105. Ba6 Ke5 106. Bc8 Kd4 107. Ba6 Ke3 108. Bc8 Kd2 109. Bh3 Kc1 110. Bg4 Kb2 111. Bf3 Kc3 112. Bg4 Kd4 113. Bh3 Ke5 114. Bg4 Kd6 115. Bh3 Ke5 116. Bg4 Kf4 117. Bh3 Kg5 118. Bc8 Kh4 119. Bb7 Be1 120. Ba8 Bb4 121. Bb7 Bd6 122. Ba8 Kg5 123. Bb7 Kf4 124. Ba8 Ke3 125. Bb7 Kd2 126. Ba8 Ke1 127. Bb7 Ke2 128. Ba8 Ke3 129. Bb7 Kd4 130. Ba8 Kc5 131. Bb7 Kb6 132. Bf3 Kc5 133. Bg4 Kb6 134. Bh3 Kc7 135. Bg4 Be5 136. Bf3 Kd6 137. Be4 Bf4 138. Bf3 Ke5 139. Bg4 Kd4 140. Bh3 Ke3 141. Bc8 Kd4 142. Bb7 Be5 143. Bc8 Ke3 144. Bh3 Kf4 145. Bc8 Kg5 146. Bb7 Kf4 147. Ba8 Ke3 148. Bb7 Kd4 149. Ba8 Kc5 150. Bf3 Kd4 151. Bg4 Kc5 152. Bh3 Bd6 153. Bg4 Kb6 1/2-1/2

[Event "*** Titled Tuesday Blitz"]
[Site "Chess.com"]
[Date "2020.11.10"]
[Round "7"]
[White "GalperinPlaton"]
[Black "maciek_92"]
[Result "1/2-1/2"]
[WhiteElo "2887"]
[BlackElo "2772"]
[TimeControl "180+1"]
[EndTime "11:25:56 PST"]
[Termination "Game drawn - insufficient material"]

1. e4 e5 2. Nf3 Nc6 3. Bb5 a6 4. Ba4 Nf6 5. O-O Be7 6. Re1 b5 7. Bb3 d6 8. c3 O-O 9. h3 Na5 10. Bc2 c5 11. d4 Nd7 12. Nbd2 exd4 13. cxd4 Nc6 14. Nf1 cxd4 15. Nxd4 Nxd4 16. Qxd4 Ne5 17. Qd1 Bb7 18. Ne3 Rc8 19. Nf5 Bf6 20. Rb1 d5 21. Bf4 dxe4 22. Bxe4 Bxe4 23. Rxe4 Rc4 24. Rxc4 Nxc4 25.
Qg4 g6 26. b3 Ne5 27. Qg3 Qd3 28.
Nh6+ Kg7 29. Rf1 Qxg3 30. fxg3 Nd3 31. Be3 Re8 32. Ng4 Rxe3 33. Nxe3 Bd4 34. Kh2 Bxe3 35. Rf3 Nc1 36. Rxe3 Nxa2 37. Kg1 a5 38. Kf1 b4 39. Ke2 Nc3+ 40. Kd3 a4 41. bxa4 Nxa4 42. Kc4 Nc3 43.
Rd3 Ne4 44. Kxb4 h5 45. Kc4 Kf6 46. Kd4 Ng5 47. Ke3 Kg7 48. Kf4 Ne6+ 49. Ke5 Ng5 50. Rd1 Ne6 51. Rd7 Ng5 52. Ra7 Nh7 53. Kf4 Nf6 54.
Ke5 Nh7 55. Rb7 Ng5 56. Rb4 Ne6 57. g4 hxg4 58. Rxg4 Nf8 59. Rd4 Nh7 60. Rf4 Ng5 61. Rf1 Ne6 62. Ke4 Ng5+ 63. Kf4 Nh7 64. g4 Nf6 65. h4 Ng8 66. Kg5 Ne7 67. Kf4 Nd5+ 68. Kg3 Nc3 69. Rf3 Ne4+ 70. Kf4 Nf6 71. Rd3 Ng8 72. Rd6 Ne7 73. Ra6 Nd5+ 74. Ke5 Nb4 75. Rb6 Nd3+ 76. Ke4 Nf2+ 77. Kf3 Nd3 78. h5 gxh5 79.
gxh5 Ne5+ 80. Kf4 Nd7 81. Rb7 Nf6 82. Kg5 Nh7+ 83. Kf5 Nf8 84. Rb8 Ne6 85. Re8 Nd4+ 86. Kg5 Nf3+ 87. Kf4 Nd4 88. Re5 Ne6+ 89. Kf5 Kh6 90.
Kf6 Ng7 91. Kxf7 Nxh5 92. Ke6 Kg6 93. Re1 Nf4+ 94. Kd6 Kf5 95. Rf1 Ke4 96. Kc5 Nd3+ 97. Kc4 Nf4 98. Kc3 Ke3 99. Re1+ Ne2+ 100. Kc2 Kf3 101. Kd2 Nf4 102. Rf1+ Ke4 103. Rf2 Nd5 104. Rh2 Nf4 105. Ke1 Kf3 106. Kf1 Ke3 107. Rh4 Kf3 108. Rh8 Ke3 109. Kg1 Kf3 110. Rf8 Kg3 111. Kf1 Kf3 112. Ke1 Ke3 113. Kd1 Nd3 114. Kc2 Nf4 115. Re8+ Kd4 116. Kd2 Nd5 117. Rh8 Ke4 118. Rh4+ Nf4 119. Ke1 Kf3 120. Kf1 Kg3 121. Rh8 Kf3 122. Rg8 Ke3 123. Rg3+ Ke4 124. Kf2 Nd3+ 125. Ke2 Nf4+ 126. Kd2 Nd5 127. Rg4+ Nf4 128. Rh4 Kf3 129. Ke1 Ng2+ 130. Kf1 Nxh4 1/2-1/2

[Event "*** Titled Tuesday Blitz"]
[Site "Chess.com"]
[Date "2020.11.10"]
[Round "8"]
[White "leejunhyeok"]
[Black "NefeLV"]
[Result "1-0"]
[WhiteElo "2596"]
[BlackElo "1755"]
[TimeControl "180+1"]
[EndTime "11:27:49 PST"]
[Termination "leejunhyeok won by resignation"]

1. e4 e6 2. c4 d5 3. exd5 exd5 4. cxd5 Qxd5 5. Nc3 Qa5 6. d4 Bb4 7. Bd2 c5 8. a3 Bxc3 9. Bxc3 Qb6 10. dxc5 Qxc5 11.
Bxg7 Nc6 12. Bxh8 1-0

[Event "*** Titled Tuesday Blitz"]
[Site "Chess.com"]
[Date "2020.11.10"]
[Round "8"]
[White "ViditYT"]
[Black "horripile"]
[Result "1-0"]
[WhiteElo "2871"]
[BlackElo "2673"]
[TimeControl "180+1"]
[EndTime "11:28:55 PST"]
[Termination "ViditYT won by resignation"]

1. Nf3 Nf6 2. g3 b6 3. Bg2 Bb7 4. O-O c5 5. c4 e6 6. b3 Be7 7. Bb2 O-O 8. Nc3 a6 9. e3 d6 10. d4 cxd4 11. exd4 d5 12. Ne5 Ra7 13. Qe2 dxc4 14.
Bxb7 Rxb7 15. bxc4 Nfd7 16. Rad1 Nxe5 17. dxe5 Rd7 18.
Ne4 Nc6 19. Nf6+ Bxf6 20. exf6 g6 21. Rxd7 Qxd7 22. Qe3 e5 23. Qh6 1-0

[Event "*** Titled Tuesday Blitz"]
[Site "Chess.com"]
[Date "2020.11.10"]
[Round "8"]
[White "parintele_chess"]
[Black "elamier"]
[Result "0-1"]
[WhiteElo "2155"]
[BlackElo "2347"]
[TimeControl "180+1"]
[EndTime "11:28:57 PST"]
[Termination "elamier won by resignation"]

1. c4 Nf6 2. Nc3 d5 3. cxd5 Nxd5 4. e4 Nxc3 5. bxc3 g6 6. d4 Bg7 7. Nf3 c5 8. Be3 O-O 9. Qd2 Qa5 10. Be2 Rd8 11.
O-O Nc6 12. Rfd1 Bg4 13. e5 Bxf3 14. Bxf3 Nxe5 15. Bxb7 Rab8 16. Bf3 cxd4 17. Bxd4 Nxf3+ 18. gxf3 e5 0-1

[Event "*** Titled Tuesday Blitz"]
[Site "Chess.com"]
[Date "2020.11.10"]
[Round "8"]
[White "Bodnar_Mykola"]
[Black "MatyChess1"]
[Result "0-1"]
[WhiteElo "2372"]
[BlackElo "2557"]
[TimeControl "180+1"]
[EndTime "11:29:11 PST"]
[Termination "MatyChess1 won by resignation"]

1. e4 c5 2. Nf3 g6 3. d4 cxd4 4. Nxd4 Nc6 5. c4 Nf6 6. Nc3 d6 7. Be2 Nxd4 8. Qxd4 Bg7 9. Be3 O-O 10. Qd2 a5 11.
O-O a4 12. Rfd1 Qa5 13. Rac1 Be6 14. f3 Rfc8 15. b3 axb3 16. axb3 Qb4 17. Na4 Qxb3 18. Nb6 Ra2 19. Qe1 Qxe3+ 0-1

[Event "*** Titled Tuesday Blitz"]
[Site "Chess.com"]
[Date "2020.11.10"]
[Round "8"]
[White "TheKingDoctor"]
[Black "FMalexhdez"]
[Result "0-1"]
[WhiteElo "2106"]
[BlackElo "2263"]
[TimeControl "180+1"]
[EndTime "11:29:22 PST"]
[Termination "FMalexhdez won by resignation"]

1. e4 c5 2. Nc3 d6 3. f4 g6 4. Nf3 Bg7 5. Bb5+ Bd7 6. Bc4 Nc6 7. O-O e6 8. a4 Nge7 9. d3 O-O 10. Qe1 Nd4 11. Qf2 Bc6 12. Be3 d5 13. exd5 Nxf3+ 0-1

[Event "*** Titled Tuesday Blitz"]
[Site "Chess.com"]
[Date "2020.11.10"]
[Round "8"]
[White "Msb2"]
[Black "sofaceindisguise"]
[Result "1-0"]
[WhiteElo "2894"]
[BlackElo "2686"]
[TimeControl "180+1"]
[EndTime "11:29:23 PST"]
[Termination "Msb2 won by resignation"]

1. d4 Nf6 2. c4 e6 3. Nc3 Bb4 4. e3 O-O 5. Bd2 Re8 6. Nf3 c5 7. a3 Bxc3 8. Bxc3 cxd4 9. Qxd4 Nc6 10. Qh4 d5 11. Bxf6 Qxf6 12. Qxf6 gxf6 13. cxd5 exd5 14. Bb5 Bd7 15. Rc1 a6 16. Bxc6 bxc6 17. Nd4 Reb8 18. b3 a5 19. a4 Rb6 20. Rc5 Kf8 21. Kd2 Ke7 22. Rhc1 Kd6 23. Ke2 h6 24. Kf3 Ra7 25.
h3 Ra8 26. g4 Ra7 27. Kg3 Ra8 28. Kh4 Rbb8 29. Rxc6+ Bxc6 30. Rxc6+ Ke7 31. Kh5 Rc8 32. Nf5+ Ke8 33. Rxc8+ 1-0

[Event "*** Titled Tuesday Blitz"]
[Site "Chess.com"]
[Date "2020.11.10"]
[Round "8"]
[White "Klavdia_Nik"]
[Black "niki_2003"]
[Result "1-0"]
[WhiteElo "2115"]
[BlackElo "1955"]
[TimeControl "180+1"]
[EndTime "11:29:29 PST"]
[Termination "Klavdia_Nik won by resignation"]

1. Nf3 Nf6 2. c4 e6 3. b3 b6 4. g3 Bb7 5. Bg2 Be7 6. Bb2 O-O 7. O-O d5 8. d3 c5 9. cxd5 exd5 10. d4 Nbd7 11. Nc3 Rc8 12. e3 c4 13. Ne5 a6 14.
bxc4 Nxe5 15. dxe5 Nd7 16. Nxd5 Rxc4 17. Nxe7+ Qxe7 18. Bxb7 Nxe5 19. Bxe5 Qxb7 20. Rc1 Re4 21. Bd4 b5 22.
Qc2 Rd8 23. Qc7 Qxc7 24. Rxc7 1-0

[Event "*** Titled Tuesday Blitz"]
[Site "Chess.com"]
[Date "2020.11.10"]
[Round "8"]
[White "Kavyev_Ruslan"]
[Black "romulocardoso"]
[Result "1-0"]
[WhiteElo "2400"]
[BlackElo "2089"]
[TimeControl "180+1"]
[EndTime "11:29:34 PST"]
[Termination "Kavyev_Ruslan won by resignation"]

1. d4 Nf6 2. c4 e6 3. Nf3 Bb4+ 4. Nbd2 O-O 5. a3 Be7 6. e4 d5 7.
cxd5 exd5 8. e5 Ne4 9. Bd3 f5 10.
exf6 Bxf6 11. O-O Re8 12. Qb3 Kh8 13. Re1 Nxd2 14. Bxd2 b6 15. Rxe8+ Qxe8 16. Qxd5 c6 17. Qb3 Be6 18. Re1 Bxb3 19. Rxe8+ Bg8 20. Ne5 Bxe5 21.
dxe5 b5 22. e6 1-0

[Event "*** Titled Tuesday Blitz"]
[Site "Chess.com"]
[Date "2020.11.10"]
[Round "8"]
[White "Malysch"]
[Black "arminmusovic"]
[Result "0-1"]
[WhiteElo "2409"]
[BlackElo "2556"]
[TimeControl "180+1"]
[EndTime "11:29:36 PST"]
[Termination "arminmusovic won by resignation"]

1. e4 c6 2. d4 d5 3. exd5 cxd5 4. Bd3 Nc6 5. c3 Nf6 6. Bf4 g6 7. Nf3 Bg7 8. O-O O-O 9. h3 Re8 10. Re1 Nd7 11. c4 Nb6 12. c5 Nd7 13. Nc3 e6 14.
Nb5 e5 15. dxe5 Ndxe5 16. Nxe5 Nxe5 17. Bxe5 Rxe5 18. Re4 dxe4 0-1

[Event "*** Titled Tuesday Blitz"]
[Site "Chess.com"]
[Date "2020.11.10"]
[Round "8"]
[White "Omk124"]
[Black "JozefKneht"]
[Result "1-0"]
[WhiteElo "2401"]
[BlackElo "2495"]
[TimeControl "180+1"]
[EndTime "11:29:38 PST"]
[Termination "Omk124 won by resignation"]

1. e4 Nf6 2. e5 Nd5 3. d4 d6 4. c4 Nb6 5. exd6 cxd6 6. Nc3 g6 7. Nf3 Bg7 8. Be2 O-O 9. O-O Nc6 10. Be3 d5 11. c5 Nc4 12. Bxc4 dxc4 13. d5 Na5 14. Bd4 Bxd4 15. Qxd4 e6 16. Rad1 b6 17.
Qf4 bxc5 18. dxe6 Qe8 19. Nd5 fxe6 20. Nf6+ Kh8 21. Qh6 Qe7 22. Nxh7 Rxf3 23. Nf6+ 1-0

[Event "*** Titled Tuesday Blitz"]
[Site "Chess.com"]
[Date "2020.11.10"]
[Round "8"]
[White "mjray79"]
[Black "xLuring1"]
[Result "0-1"]
[WhiteElo "2484"]
[BlackElo "2386"]
[TimeControl "180+1"]
[EndTime "11:29:50 PST"]
[Termination "xLuring1 won by resignation"]

1. d4 f5 2. Nc3 d5 3. Bg5 Nf6 4. Nf3 e6 5. e3 Be7 6. Be2 O-O 7. h3 c5 8. O-O Nc6 9. Bf4 Ne4 10. Nb1 b6 11. c4 Bb7 12. Nfd2 cxd4 13. exd4 Nxd4 14. Bd3 Nf6 15. Nc3 Rc8 16. cxd5 Nxd5 17. Nxd5 Qxd5 18.
f3 Rfd8 19. Re1 Kh8 20. Re5 Qd7 21. Bc4 Bd6 22. Bb5 Nxb5 0-1

[Event "*** Titled Tuesday Blitz"]
[Site "Chess.com"]
[Date "2020.11.10"]
[Round "8"]
[White "Promacherr"]
[Black "Stormeman100100"]
[Result "1-0"]
[WhiteElo "2727"]
[BlackElo "2558"]
[TimeControl "180+1"]
[EndTime "11:29:57 PST"]
[Termination "Promacherr won by resignation"]

1. d4 Nf6 2. c4 e6 3. Nc3 Bb4 4.
f3 c5 5. a3 Bxc3+ 6. bxc3 d6 7. e4 Nc6 8. Be3 b6 9. Bd3 e5 10. Ne2 O-O 11. O-O Ba6 12. f4 exd4 13. cxd4 cxd4 14. Nxd4 Rc8 15. Nf5 Ne7 16. e5 dxe5 17. fxe5 Nxf5 18. Bxf5 Qe7 19. Bxc8 Rxc8 20. exf6 Qxe3+ 21. Kh1 Bxc4 22. Qg4 1-0

[Event "*** Titled Tuesday Blitz"]
[Site "Chess.com"]
[Date "2020.11.10"]
[Round "8"]
[White "anon481216"]
[Black "elohunter1999"]
[Result "0-1"]
[WhiteElo "2401"]
[BlackElo "2545"]
[TimeControl "180+1"]
[EndTime "11:30:02 PST"]
[Termination "elohunter1999 won by resignation"]

1. d4 d5 2. c4 c6 3. Nc3 Nf6 4. e3 Bf5 5. cxd5 cxd5 6. Qb3 Nc6 7. Qxb7 Bd7 8. Qb3 Rb8 9. Qd1 e5 10. dxe5 Nxe5 11. Be2 Bd6 12. Nf3 O-O 13. O-O Qc7 14.
Nd4 Nc4 15. b3 Nxe3 16. Bxe3 Qxc3 17. Rc1 Qa5 18. Qd2 Qd8 19. Bg5 h6 20. Bxf6 Qxf6 21. g3 Bh3 22. Rfd1 Rfc8 23. Bf3 Ba3 24. Rxc8+ Rxc8 25. Nc2 Qxf3 0-1

[Event "*** Titled Tuesday Blitz"]
[Site "Chess.com"]
[Date "2020.11.10"]
[Round "8"]
[White "northridgehawk"]
[Black "capatl"]
[Result "1-0"]
[WhiteElo "2300"]
[BlackElo "2494"]
[TimeControl "180+1"]
[EndTime "11:30:07 PST"]
[Termination "northridgehawk won by resignation"]

1. e4 c5 2. Nf3 e6 3. d4 cxd4 4.
Nxd4 a6 5. c4 d6 6. Nc3 Nd7 7. Be2 Ngf6 8. O-O Be7 9. Be3 O-O 10.
f4 Qc7 11. Qe1 b6 12. Kh1 Bb7 13. Bd3 Nc5 14. Bc2 Ncxe4 15. f5 e5 16. Nxe4 Nxe4 17. f6 Nxf6 18. Nf5 Ne4 19. Bxb6 Qxb6 20. Nxe7+ Kh8 21. Bxe4 Bxe4 22. Qxe4 Qxb2 23. Rad1 Qxa2 24. Rxf7 Rae8 25. Qf5 Rxf7 26. Qxf7 Ra8 27. Rf1 1-0

[Event "*** Titled Tuesday Blitz"]
[Site "Chess.com"]
[Date "2020.11.10"]
[Round "8"]
[White "MVM2008"]
[Black "zmeeed67"]
[Result "0-1"]
[WhiteElo "2180"]
[BlackElo "2360"]
[TimeControl "180+1"]
[EndTime "11:30:10 PST"]
[Termination "zmeeed67 won by resignation"]

1. e4 Nc6 2. Nf3 d6 3. b4 Nxb4 4. c3 Nc6 5. d4 e5 6. d5 Nce7 7. h3 Ng6 8. Bd3 Nf6 9. O-O Be7 10. Re1 O-O 11. Nbd2 h6 12. Nf1 Nh5 13. Bc2 Nhf4 14. Ng3 Nh4 15. Bxf4 exf4 16. Nh5 Bf6 17. Qd3 Nxf3+ 18.
gxf3 Be5 19. Kh2 Qh4 20. Nxg7 Qxh3+ 21. Kg1 Kxg7 0-1

[Event "*** Titled Tuesday Blitz"]
[Site "Chess.com"]
[Date "2020.11.10"]
[Round "8"]
[White "Andrii_Prydun"]
[Black "SlavenPastar"]
[Result "1-0"]
[WhiteElo "2369"]
[BlackElo "2511"]
[TimeControl "180+1"]
[EndTime "11:30:36 PST"]
[Termination "Andrii_Prydun won by resignation"]

1. d4 b6 2. Nc3 Bb7 3. e4 e6 4. Bd3 Nf6 5. Qe2 Bb4 6. Bd2 O-O 7.
e5 Bxc3 8. bxc3 Bxg2 9. exf6 Bxh1 10. Bg5 g6 11. Qg4 h6 12. Bxg6 fxg6 13. f7+ Kxf7 14. Bxd8 Rxd8 15. f3 Nc6 16. O-O-O e5 17. Ne2 exd4 18. Rxh1 dxc3 19. Nf4 g5 20. Qf5+ Kg7 21.
Qg6+ 1-0

[Event "*** Titled Tuesday Blitz"]
[Site "Chess.com"]
[Date "2020.11.10"]
[Round "8"]
[White "queen_iryna"]
[Black "guillembaches"]
[Result "0-1"]
[WhiteElo "2269"]
[BlackElo "2386"]
[TimeControl "180+1"]
[EndTime "11:30:40 PST"]
[Termination "guillembaches won by resignation"]

1. e4 c5 2. Nf3 d6 3. Bb5+ Bd7 4. Bxd7+ Qxd7 5. c4 e5 6. O-O Nc6 7. Nc3 g6 8. d3 Bg7 9. h3 Nge7 10. Nh2 O-O 11. f4 f5 12. Nf3 exf4 13. Nd5 fxe4 14. dxe4 Nd4 15. Nxf4 Rae8 16. Be3 Nxf3+ 17. Rxf3 Bxb2 18. Rb1 Be5 19. Nd5 Rxf3 20. Qxf3 Nxd5 21. exd5 Rf8 22.
Qe4 Qe7 23. Bh6 Bh2+ 0-1

[Event "*** Titled Tuesday Blitz"]
[Site "Chess.com"]
[Date "2020.11.10"]
[Round "8"]
[White "sokidze"]
[Black "Qvalda"]
[Result "1-0"]
[WhiteElo "2562"]
[BlackElo "2420"]
[TimeControl "180+1"]
[EndTime "11:30:45 PST"]
[Termination "sokidze won by checkmate"]

1. e4 c6 2. Nf3 d5 3. Nc3 Bg4 4. h3 Bxf3 5. Qxf3 e6 6. g3 Nd7 7. d3 g6 8. h4 h5 9. Bh3 Bg7 10. O-O Ne7 11. Bg5 O-O 12. Rae1 Ne5 13. Qg2 d4 14.
Ne2 Qd6 15. f4 Ng4 16. Bxg4 hxg4 17. e5 Qd5 18. Bxe7 Rfe8 19. Qxd5 cxd5 20. Bd6 Rac8 21. Nxd4 Bf8 22. Bxf8 Kxf8 23. c3 Ke7 24. Kg2 a6 25.
Rh1 Rc7 26. h5 gxh5 27. Rxh5 b5 28. a3 Rb8 29. Rh7 a5 30. f5 exf5 31. Nxf5+ Ke6 32. Nd4+ Ke7 33. e6 Kf6 34. Rf1+ Kg6 35. Rhxf7 Rcc8 36. R1f6+ Kg5 37. e7 Re8 38. Ne6+ Kh5 39. Rh7# 1-0

[Event "*** Titled Tuesday Blitz"]
[Site "Chess.com"]
[Date "2020.11.10"]
[Round "8"]
[White "Nikolaj_6"]
[Black "zverr1"]
[Result "0-1"]
[WhiteElo "2581"]
[BlackElo "2435"]
[TimeControl "180+1"]
[EndTime "11:30:47 PST"]
[Termination "zverr1 won by resignation"]

1. e4 c5 2. Nf3 Nc6 3. d4 cxd4 4. Nxd4 Nf6 5. Nc3 e5 6. Ndb5 d6 7. Nd5 Nxd5 8. exd5 Ne7 9. a4 Nf5 10. Bd3 g6 11. O-O Bg7 12. Kh1 O-O 13. c4 Re8 14. Nc3 Qh4 15. Qe1 Nd4 16. Ra3 Bf5 17. Bxf5 gxf5 18.
f3 Qxe1 19. Rxe1 Nc2 20. Bd2 Nxa3 21. bxa3 Rac8 22. Nb5 Bf8 23. Bb4 Rxc4 24. Bxd6 Rxa4 25. Bxf8 Kxf8 26. d6 Rd8 27. Rxe5 a6 28. Nc7 Rxd6 29. h3 Rxa3 30. Rxf5 Ra2 31. Nd5 Ra5 0-1

[Event "*** Titled Tuesday Blitz"]
[Site "Chess.com"]
[Date "2020.11.10"]
[Round "8"]
[White "zurzan"]
[Black "ZverevLev"]
[Result "1-0"]
[WhiteElo "2068"]
[BlackElo "2251"]
[TimeControl "180+1"]
[EndTime "11:30:47 PST"]
[Termination "zurzan won by resignation"]

1. f4 e5 2. fxe5 d6 3. exd6 Bxd6 4. Nf3 Bg4 5. e3 Nc6 6. Nc3 Ne5 7. Be2 c6 8. O-O Nf6 9. Nxe5 Bxe2 10. Qxe2 Bxe5 11.
d4 Bc7 12. Bd2 h5 13. Be1 h4 14. Qf3 Qd6 15. g3 O-O-O 16. Rd1 Nh5 17. Ne4 Qh6 18.
g4 Nf6 19. Nxf6 gxf6 20. h3 Rdg8 21. e4 Kb8 22. Bd2 Qf8 23. Qxf6 Rg6 24. Qxf7 Qd6 25. Bf4 1-0

[Event "*** Titled Tuesday Blitz"]
[Site "Chess.com"]
[Date "2020.11.10"]
[Round "8"]
[White "Shuvalov"]
[Black "1977Ivan"]
[Result "0-1"]
[WhiteElo "2450"]
[BlackElo "2686"]
[TimeControl "180+1"]
[EndTime "11:30:49 PST"]
[Termination "1977Ivan won by resignation"]

1. Nf3 d5 2. c4 d4 3. b4 g5 4. Bb2 Bg7 5. Nxg5 e5 6. Ne4 f5 7. Nc5 b6 8. Nb3 Nf6 9. e3 c5 10. bxc5 bxc5 11. Nxc5 Nc6 12. Qa4 Qb6 13. Qb5 O-O 14. Qxb6 axb6 15. Nb3 Ne4 16. Bd3 Nb4 17. Bxe4 fxe4 18. O-O Nd3 19. exd4 Nxb2 20. c5 exd4 21. cxb6 Ba6 22. Re1 e3 23. fxe3 dxe3 24. dxe3 Nd3 25. Rd1 Bxa1 26. Nxa1 Nb2 27. Rc1 Na4 28. Nb3 Nxb6 29.
N1d2 Rac8 30. Rb1 Nc4 31. Nf1 Na3 32. Re1 Rxf1+ 33. Rxf1 Bxf1 34. Kxf1 Rc2 0-1

[Event "*** Titled Tuesday Blitz"]
[Site "Chess.com"]
[Date "2020.11.10"]
[Round "8"]
[White "Rakhimzhan_Alen"]
[Black "IANOV0007"]
[Result "1/2-1/2"]
[WhiteElo "2614"]
[BlackElo "2451"]
[TimeControl "180+1"]
[EndTime "11:30:50 PST"]
[Termination "Game drawn by agreement"]

1. d4 d6 2. c4 g6 3. Nc3 Bg7 4. Nf3 Bg4 5. h3 Bxf3 6. exf3 e6 7. f4 Ne7 8. Be2 d5 9. O-O c6 10.
Be3 Nd7 11. Qd2 O-O 12. c5 b6 13. b4 a5 14. a3 Nf5 15. Rfd1 axb4 16. axb4 Rxa1 17.
Rxa1 bxc5 18. bxc5 Nxc5 19. dxc5 Bxc3 20. Qxc3 d4 21.
Bxd4 Qxd4 22. Qxd4 Nxd4 23. Bf1 Nb3 24. Rb1 Nxc5 25.
Rc1 Ne4 26. Rxc6 Rd8 27. Be2 Rd2 28. Kf1 Kg7 29. Rc4 Nd6 30. Rc1 Nf5 31. g3 h5 32. h4 Rb2 33. Rd1 Kf6 34. Rd3 1/2-1/2